 Dungeon Crawl Stone Soup version 0.21-a0-352-g5b8f553 (webtiles) character file.

1681 Hasart the Tainter (level 9, 0/76 HPs)
             Began as an Octopode Venom Mage on Oct 11, 2017.
             Was a Believer of Sif Muna.
             Succumbed to a worker ant's poison
             ... on level 5 of the Dungeon.
             The game lasted 00:16:38 (6413 turns).

Hasart the Tainter (Octopode Venom Mage)            Turns: 6413, Time: 00:16:39

Health: 0/76       AC:  5    Str: 12    XL:     9   Next: 2%
Magic:  3/17       EV: 13    Int: 20    God:    Sif Muna [**....]
Gold:   172        SH:  0    Dex: 13    Spells: 8/18 levels left

rFire    . . .     SeeInvis .   u - +4 trident
rCold    . . .     Gourm    .   (no shield)
rNeg     . . .     Faith    .   (helmet restricted)
rPois    .         Spirit   .   (no amulet)
rElec    .         Reflect  .   o - +4 ring of protection
rCorr    +         Harm     .   z - ring of resist corrosion
MR       .....                  (no ring)
Stlth    ..........             (no ring)
HPRegen  0.22/turn              (no ring)
MPRegen  0.15/turn              (no ring)
                                (no ring)
                                (no ring)

@: berserking, lethally poisoned (0 -> -1), very quick
A: almost no armour, stealthy swim, amphibious, 8 rings, constrict 8, camouflage
1, gelatinous body 1
a: Divine Energy, Renounce Religion


You were on level 5 of the Dungeon.
You worshipped Sif Muna.
Sif Muna was pleased with you.
You were hungry.

You visited 1 branch of the dungeon, and saw 5 of its levels.

You collected 232 gold pieces.
You spent 60 gold pieces at shops.

Inventory:

Hand Weapons
 u - a +4 trident (weapon)
Jewellery
 o - a +4 ring of protection (left tentacle)
 z - a ring of resist corrosion (right tentacle)
Wands
 l - a wand of flame (15/48)
 q - a wand of confusion (29/48)
 t - a wand of flame (36/48)
 y - a wand of confusion (10/48)
 B - a wand of paralysis (7/24)
 C - a wand of flame (33/48)
Scrolls
 c - 2 scrolls of blinking
 d - a scroll of immolation
 e - a scroll of amnesia
 j - a scroll of fog
 k - 2 scrolls of remove curse
 m - a scroll of teleportation
 p - a scroll of magic mapping
 s - 2 scrolls of identify
Potions
 i - a potion of flight {unknown}
 n - a potion of invisibility {unknown}
 r - a potion of lignification {unknown}
 v - a potion of might {unknown}
 w - a potion of agility {unknown}
 A - a potion of cancellation
Books
 a - a Young Poisoner's Handbook

   Spells                             Type                      Level
   a - Sting                          Conjuration/Poison           1
   b - Poisonous Vapours              Poison/Air                   2
   c - Mephitic Cloud                 Conjuration/Poison/Air       3
   d - Olgreb's Toxic Radiance        Poison                       4
   e - Venom Bolt                     Conjuration/Poison           5
Comestibles
 b - 3 bread rations
 f - a royal jelly
 x - 3 fruits
 D - a chunk of flesh


   Skills:
 - Level 2.0 Dodging
 - Level 2.6 Stealth
 + Level 5.4 Spellcasting
 + Level 5.5 Conjurations
 * Level 10.1 Poison Magic


You had 8 spell levels left.
You knew the following spells:

 Your Spells              Type           Power        Failure   Level  Hunger
a - Sting                 Conj/Pois      ####         1%          1    None
b - Poisonous Vapours     Pois/Air       ####..       1%          2    None
c - Mephitic Cloud        Conj/Pois/Air  ####....     3%          3    ##.....
d - Olgreb's Toxic Radia  Pois           #####...     1%          4    ####...


Dungeon Overview and Level Annotations

Branches:
Dungeon (5/15)
 Temple: D:4-7

Altars:
Makhleb
Ru
Sif Muna
Uskayaw
The Shining One

Shops:
D:4 !


Innate Abilities, Weirdness & Mutations

You cannot wear most types of armour.
You are very stealthy in the water. (Stealth+)
You are amphibious.
You can wear up to eight rings at the same time.
You can use your tentacles to constrict eight enemies at once.
Your skin changes colour to match your surroundings (Stealth+).
Your rubbery body absorbs attacks. (AC +1, EV +1)


Message History

You kill the orc priest!
Sif Muna accepts your kill.
You have reached level 9!
Your experience leads to an increase in your attributes!
Your base attributes are Str 7, Int 19, Dex 13.
Increase (S)trength, (I)ntelligence, or (D)exterity?
You feel clever.
Unknown command.
You puncture the bullfrog zombie! You grab the bullfrog zombie.
You squeeze the bullfrog zombie!
The bullfrog zombie is severely damaged.
You constrict the bullfrog zombie. The bullfrog zombie closely misses you.
You barely miss the bullfrog zombie.
The bullfrog zombie is severely damaged.
You constrict the bullfrog zombie. The bullfrog zombie hits you.
* * * LOW HITPOINT WARNING * * *
You puncture the bullfrog zombie!
You destroy the bullfrog zombie!
Sif Muna accepts your kill.
You die...

,,,*** *,,,*,* ,,,*
#########,* ,,,*
#.....#..,* ****
#.###.#Z##### ####.#
#.#S#...#
#....###.#o#)#o###
#.#####..#.#h#Z..#
**##....#.##...###.#
,,*####.#.......@[†#
,,,,**#.############
,,,,,*#....#
*,,,,*####.# **,,,,*
#.# ,*,_,,* #.#
**,,,,* #.# *,,,,**
#.# ,,,,,* #.#


There were no monsters in sight!

Vanquished Creatures
  Pikel (D:4)
  An ice beast (D:5)
  A sky beast (D:5)
  A centaur (D:5)
  3 phantoms
  An ogre (D:4)
  2 howler monkeys
  A bullfrog zombie (D:5)
  3 jellies
  Crazy Yiuf (D:3)
  A hound (D:4)
  An orc priest (D:5)
  Jessica (D:3)
  Ijyb (D:2)
  2 orc wizards
  3 worker ants
  5 adders
  10 oozes
  8 worms
  3 dart slugs
  3 leopard geckos
  10 orcs
  2 giant cockroaches
  3 goblins (D:1)
  7 hobgoblins
  6 jackals (D:5)
  13 kobolds
  3 quokkas
  6 bats
  A quokka skeleton (D:5)
  5 rats
  A fungus (D:2)
110 creatures vanquished.

Vanquished Creatures (others)
  2 slaves (D:4)
  A worker ant (D:4)
  A worm (D:4)
  A leopard gecko (D:4)
  An orc (D:4)
  2 ball pythons (D:4)
  3 jackals (D:4)
  A frilled lizard (D:4)
  A fungus (D:2)
  5 toadstools (D:2)
18 creatures vanquished.

Grand Total: 128 creatures vanquished

Notes
Turn   | Place    | Note
-------+----------+-------------------------------------------
     0 | D:1      | Hasart the Octopode Venom Mage began the quest for the Orb.
     0 | D:1      | Reached XP level 1. HP: 11/11 MP: 3/3
   299 | D:1      | Reached XP level 2. HP: 15/17 MP: 0/5
   308 | D:1      | Reached skill level 4 in Poison Magic
   400 | D:1      | Learned a level 2 spell: Poisonous Vapours
  1106 | D:1      | Reached XP level 3. HP: 19/21 MP: 3/6
  2072 | D:2      | Reached skill level 5 in Poison Magic
  2072 | D:2      | Reached XP level 4. HP: 27/27 MP: 1/7
  2152 | D:2      | Found a deep blue altar of Sif Muna.
  2160 | D:2      | Became a worshipper of Sif Muna the Loreminder
  2888 | D:3      | Noticed Ijyb
  2889 | D:3      | Noticed Jessica
  2905 | D:2      | Killed Ijyb
  2905 | D:2      | Reached XP level 5. HP: 7/31 MP: 0/9
  3204 | D:3      | Killed Jessica
  3337 | D:3      | Found a sacrificial altar of Ru.
  3675 | D:3      | Found a runed door.
  3683 | D:3      | Learned a level 3 spell: Mephitic Cloud
  3688 | D:3      | Learned a level 4 spell: Olgreb's Toxic Radiance
  3688 | D:3      | Noticed Crazy Yiuf
  3694 | D:3      | Killed Crazy Yiuf
  3694 | D:3      | Reached skill level 6 in Poison Magic
  3694 | D:3      | Reached XP level 6. HP: 36/36 MP: 0/10
  4352 | D:4      | Noticed a slave
  4352 | D:4      | Noticed a slave
  4354 | D:4      | Noticed Pikel
  4356 | D:4      | Reached * piety under Sif Muna
  4356 | D:4      | Reached skill level 7 in Poison Magic
  4356 | D:4      | Reached XP level 7. HP: 30/41 MP: 12/12
  4389 | D:4      | Killed Pikel
  4389 | D:4      | Reached skill level 8 in Poison Magic
  4389 | D:4      | Reached XP level 8. HP: 11/46 MP: 0/14
  4760 | D:4      | Found Aplus's Distillery.
  4977 | D:4      | Bought a potion of heal wounds for 50 gold pieces
  4977 | D:4      | Bought a potion of degeneration for 10 gold pieces
  5084 | D:4      | Noticed a dagger
  5084 | D:4      | Found a hide-covered altar of Uskayaw.
  5084 | D:4      | Noticed a hand axe
  5365 | D:5      | Entered Level 5 of the Dungeon
  5375 | D:5      | Found a burning altar of Makhleb.
  5506 | D:5      | Reached ** piety under Sif Muna
  5506 | D:5      | Reached skill level 9 in Poison Magic
  5957 | D:5      | Found a glowing golden altar of the Shining One.
  6041 | D:5      | HP: 2/46 [phantom (6)]
  6045 | D:5      | Reached skill level 5 in Spellcasting
  6045 | D:5      | Reached skill level 5 in Conjurations
  6400 | D:5      | Reached skill level 10 in Poison Magic
  6406 | D:5      | HP: 2/46 [jackal (3)]
  6410 | D:5      | Reached XP level 9. HP: 3/51 MP: 2/17
  6412 | D:5      | HP: 1/76 [bullfrog zombie (2)]
  6413 | D:5      | Succumbed to a worker ant's poison

Vault maps used:
D:1:      tarquinn_simple_flora_water_d, columned_hall_lemuel,
          minmay_misc_feat_iff
D:2:      cheibrodos_fertilizer, lemuel_round_altar, minmay_door_square
D:3:      kennysheep_big_flooded_room, nicolae_ru_awakened_eye, first_bread,
          uniq_crazy_yiuf_cottage, uniq_ijyb, uniq_jessica
D:4:      dancing_weapons_uskayaw, serial_shops, nicolae_shop_stone,
          corexii_hall_statues_x, uniq_pikel
D:5:      nicolae_overflow_crystal_walls, basic_altar, grunt_decor_resistance,
          tgw_trog

Skill      XL: |  1  2  3  4  5  6  7  8 |
---------------+-------------------------+-----
Poison Magic   | 4 5 6 7 8 10 | 10.1
Conjurations   | 2 3 4 5 |  5.5
Spellcasting   | 3 4 5 |  5.4
Dodging        | |  2.0
Stealth        | |  2.6

Action                   |  1- 3 |  4- 6 |  7- 9 || total
-------------------------+-------+-------+-------++-------
Melee: Unarmed           |     4 |       |       ||     4
       Short sword       |    71 |    25 |       ||    96
       Constrict         |    12 |    14 |    17 ||    43
       Tentacles         |    10 |    15 |    20 ||    45
       Trident           |       |    54 |   155 ||   209
 Cast: Sting             |    35 |    16 |       ||    51
       Poisonous Vapours |     4 |    17 |    16 ||    37
       Mephitic Cloud    |       |     1 |     1 ||     2
  Use: Scroll            |       |     8 |     3 ||    11
       Potion            |       |       |     4 ||     4
 Stab: Sleeping          |     4 |     6 |     5 ||    15
  Eat: Chunk             |     4 |     6 |     6 ||    16
       Fruit             |       |     1 |     2 ||     3
Armor: Skin              |     3 |     8 |    23 ||    34
Dodge: Dodged            |    59 |    37 |    92 ||   188

Table legend:
 A = Spawn XP
 B = Non-spawn XP
 C = Spawn XP percentage of total XP
 D = Spawn monster count
 E = Non-spawn monster count
 F = Spawn count percentage of total count
 G = Total turns spent on level
                    A         B        C        D         E        F      G
               +---------+---------+-------+---------+---------+-------+---------
         Total |       0 |    2402 |   0.0 |       0 |     109 |   0.0 |  6413
               +---------+---------+-------+---------+---------+-------+---------
           D:1 |       0 |      45 |   0.0 |       0 |      20 |   0.0 |  1503
           D:2 |       0 |     260 |   0.0 |       0 |      32 |   0.0 |  1948
           D:3 |       0 |     166 |   0.0 |       0 |      17 |   0.0 |   794
           D:4 |       0 |     956 |   0.0 |       0 |       9 |   0.0 |  1248
           D:5 |       0 |     975 |   0.0 |       0 |      31 |   0.0 |   920
               +---------+---------+-------+---------+---------+-------+---------
